 Dungeon Crawl Stone Soup version 0.20.1-1-g8b1a95d (webtiles) character file.

1758 robba the Shield-Bearer (level 8, -2/78 HPs)
             Began as a Troll Fighter on July 2, 2017.
             Was a Follower of Cheibriados.
             Slain by a killer bee (8 damage)
             ... on level 7 of the Dungeon on Aug 3, 2017.
             The game lasted 00:39:49 (4239 turns).

robba the Shield-Bearer (Troll Fighter)             Turns: 4239, Time: 00:39:51

Health: -2/78      AC:  5    Str: 27    XL:     8   Next: 79%
Magic:  7/7        EV:  9    Int:  6    God:    Cheibriados [*.....]
Gold:   159        SH: 21    Dex: 11    Spells: 6/7 levels left

rFire    . . .     SeeInvis .     - Unarmed
rCold    . . .     Gourm    +   I - +5 large shield "Uptyutwe" {Regen+ Dex-2 Slay+5, Uptyutwe}
rNeg     . . .     Faith    .   b - +0 robe
rPois    .         Spirit   .   (helmet restricted)
rElec    .         Reflect  .   (no cloak)
rCorr    .         Harm     .   (gloves unavailable)
MR       .....                  (boots unavailable)
Stlth    +.........             i - amulet of magic regeneration
Regen    1.1/turn               (no ring)
MPRegen  0.2/turn               (no ring)

@: lethally poisoned (-2 -> -3), very slow
A: unfitting armour, claws 3, fast metabolism 3, gourmand, regeneration 1,
shaggy fur 1, tough skin 2
a: Bend Time, Renounce Religion


You were on level 7 of the Dungeon.
You worshipped Cheibriados.
Cheibriados was aware of your devotion.
You were not hungry.

You visited 2 branches of the dungeon, and saw 8 of its levels.

You collected 425 gold pieces.
You spent 266 gold pieces at shops.

Inventory:

Hand Weapons
 D - a +1 giant spiked club
Missiles
 o - 4 tomahawks (quivered)
 s - 9 poisoned needles
 v - 14 javelins
Armour
 b - a +0 robe (worn)
 I - the +5 large shield "Uptyutwe" (worn) {Regen+ Dex-2 Slay+5, Uptyutwe}
   (You bought it in a shop on level 5 of the Dungeon)

   It affects your dexterity (-2).
   It affects your accuracy and damage with ranged weapons and melee attacks
   (+5).
   It increases your rate of regeneration.
Jewellery
 i - an amulet of magic regeneration (around neck)
 F - an uncursed amulet of regeneration {unknown}
Wands
 j - a wand of polymorph (6/24)
 E - a wand of iceblast (2/15)
 H - a wand of flame (25/48)
 J - a wand of flame (34/48)
Scrolls
 e - 2 scrolls of immolation
 m - 4 scrolls of remove curse
 n - 2 scrolls of recharging
 q - a scroll of random uselessness {unknown}
 w - 2 scrolls of fog {unknown}
 B - a scroll of noise {unknown}
Potions
 g - 3 potions of brilliance
 h - 2 potions of berserk rage {unknown}
 k - a potion of ambrosia {unknown}
 t - 2 potions of flight {unknown}
 u - 3 potions of invisibility
 x - a potion of lignification {unknown}
 A - a potion of heal wounds {unknown}
Books
 a - a book of Misfortune

   Spells                             Type                      Level
   a - Confusing Touch                Hexes                        1
   b - Confuse                        Hexes                        3
   c - Gell's Gravitas                Translocation                3
   d - Petrify                        Transmutation/Earth          4
   e - Metabolic Englaciation         Hexes/Ice                    5
   f - Yara's Violent Unravelling     Hexes/Transmutation          5
Comestibles
 d - 3 meat rations
 f - 5 bread rations
 p - 4 royal jellies
 r - 4 fruits


   Skills:
 + Level 3.8 Fighting
 + Level 3.5 Maces & Flails
 + Level 5.2 Dodging
 + Level 0.4 Stealth
 + Level 5.7 Shields
 + Level 5.4 Unarmed Combat
 + Level 0.1 Hexes
 + Level 0.1 Evocations


You had 6 spell levels left.
You knew the following spells:

 Your Spells              Type           Power        Failure   Level  Hunger
a - Confusing Touch       Hex            #.....       98%         1    ##.....


Dungeon Overview and Level Annotations

Branches:
Dungeon (7/15)             Temple (1/1) D:5

Altars:
Cheibriados
Fedhas
Nemelex Xobeh
Ru
Trog
Vehumet
Xom
Yredelemnul
Zin

Shops:
D:4 [   D:5 [


Innate Abilities, Weirdness & Mutations

You are too large for most types of armour.
You have claws for hands.
Your metabolism is lightning-fast.
You like to eat raw meat.
Your natural rate of healing is unusually fast.
You are covered in fur. (AC +1)
You have very tough skin. (AC +2)


Message History

You are more poisoned.
The killer bee poisons you! You block the killer bee's attack.
The killer bee closely misses you. You block the killer bee's attack.
You feel sick. The killer bee stings you!
* * * LOW HITPOINT WARNING * * *
You block the killer bee's attack.
The killer bee stings you but does no damage.
You miss the killer bee.
You feel sick. The killer bee closely misses you.
You block the killer bee's attack. The killer bee stings you!
* * * LOW HITPOINT WARNING * * *
You block the killer bee's attack. The killer bee barely misses you.
The killer bee stings you.
* * * LOW HITPOINT WARNING * * *
You claw the killer bee!
The killer bee is heavily wounded.
You feel sick. You block the killer bee's attack. x3
The killer bee stings you.
* * * LOW HITPOINT WARNING * * *
The killer bee stings you!
You die...

########### ####### ######
..........# #.....## #....#
..........# #......###....#
..........## #..............
...........####..............
......†...yy@................
...........yy................
...................#.........
.............................
.............................
....#..........#.............
....#..........#.............
... .........#...............
.......


You could see 4 killer bees.

Vanquished Creatures
  Eustachio (D:6)
  2 sky beasts
  A black bear (D:6)
  An ice beast (D:7)
  An ogre (D:4)
  2 centaurs
  Blork the orc (D:6)
  3 bullfrogs
  A killer bee (D:7)
  A howler monkey (D:4)
  A crimson imp (D:6)
  2 hounds
  A jelly (D:6)
  A bullfrog zombie (D:7)
  A bullfrog skeleton (D:5)
  2 orc priests
  A centaur skeleton (D:7)
  An iguana (D:7)
  2 orc wizards
  Ijyb (D:5)
  3 worker ants
  2 hound skeletons
  4 gnolls (D:7)
  6 adders
  An ooze (D:3)
  An adder zombie (D:5)
  2 worms
  2 dart slugs
  4 leopard geckos
  6 orcs
  3 giant cockroaches
  4 hobgoblins
  6 jackals
  5 kobolds
  2 quokkas
  8 bats
  9 frilled lizards
  5 goblins
  A jackal skeleton (D:5)
  A leopard gecko skeleton (D:5)
  6 rats
108 creatures vanquished.

Vanquished Creatures (others)
  A goblin (D:1)
1 creature vanquished.

Grand Total: 109 creatures vanquished

Notes
Turn   | Place    | Note
-------+----------+-------------------------------------------
     0 | D:1      | robba the Troll Fighter began the quest for the Orb.
     0 | D:1      | Reached XP level 1. HP: 22/22 MP: 0/0
   117 | D:1      | Reached XP level 2. HP: 23/29 MP: 1/1
   586 | D:2      | Reached XP level 3. HP: 29/36 MP: 2/2
   725 | D:2      | Found a bloodstained altar of Trog.
  1347 | D:3      | Found a shimmering altar of Xom.
  1347 | D:3      | Found a glowing silver altar of Zin.
  1348 | D:3      | Found a basalt altar of Yredelemnul.
  1357 | D:3      | Reached XP level 4. HP: 38/44 MP: 3/3
  1505 | D:3      | Found a sparkling altar of Nemelex Xobeh.
  1713 | D:3      | Found a blossoming altar of Fedhas.
  1721 | D:3      | Upgraded the game from 0.20.1 to 0.20.1-1-g8b1a95d
  1861 | D:4      | Found a basalt altar of Yredelemnul.
  1901 | D:4      | Found Gaddavecuj's Antique Armour Emporium.
  1936 | D:4      | shop
  2034 | D:4      | Reached XP level 5. HP: 53/53 MP: 4/4
  2057 | D:4      | Reached skill level 1 in Unarmed Combat
  2169 | D:4      | Noticed an ogre
  2173 | D:4      | Killed an ogre
  2173 | D:4      | Reached XP level 6. HP: 61/61 MP: 5/5
  2346 | D:4      | Found a sacrificial altar of Ru.
  2658 | D:5      | Entered Level 5 of the Dungeon
  2659 | D:5      | Noticed Ijyb
  2679 | D:5      | Killed Ijyb
  2710 | D:5      | Noticed a sky beast
  2724 | D:5      | Killed a sky beast
  2767 | D:5      | Found a snail-covered altar of Cheibriados.
  2852 | D:5      | Found a radiant altar of Vehumet.
  2888 | D:5      | Reached XP level 7. HP: 64/67 MP: 6/6
  3123 | D:5      | Found Urchi's Antique Armour Shop.
  3148 | D:5      | Bought an ancient large shield for 266 gold pieces
  3158 | D:5      | Identified the +5 large shield "Uptyutwe" {Regen+ Dex-2 Slay+5} (You bought it in a shop on level 5 of the Dungeon)
  3316 | D:5      | Became a worshipper of Cheibriados the Contemplative
  3330 | D:5      | Found a staircase to the Ecumenical Temple.
  3337 | Temple   | Entered the Ecumenical Temple
  3431 | D:6      | Noticed Eustachio
  3450 | D:6      | HP: 1/67 [centaur/arrow (6)]
  3483 | D:6      | Killed Eustachio
  3483 | D:6      | Reached XP level 8. HP: 50/75 MP: 7/7
  3589 | D:6      | Noticed Blork the orc
  3597 | D:6      | Killed Blork the orc
  3597 | D:6      | Reached skill level 5 in Shields
  3789 | D:6      | Reached skill level 5 in Dodging
  3841 | D:7      | Reached * piety under Cheibriados
  3860 | D:7      | Reached skill level 5 in Unarmed Combat
  3947 | D:7      | Learned a level 1 spell: Confusing Touch
  4239 | D:7      | Slain by a killer bee

Skill      XL: |  1  2  3  4  5  6  7  8 |
---------------+-------------------------+-----
Maces & Flails | 2 3 |  3.5
Dodging        | 3 4 5 |  5.2
Fighting       | 3 |  3.8
Shields        | 3 4 5 |  5.7
Unarmed Combat | 1 2 4 5 |  5.4
Stealth        | |  0.4
Hexes          | |  0.1
Evocations     | |  0.1

Action                   |  1- 3 |  4- 6 |  7- 9 || total
-------------------------+-------+-------+-------++-------
Melee: Flail             |   155 |    17 |       ||   172
       Unarmed           |       |   103 |   134 ||   237
Evoke: Wand              |       |       |     1 ||     1
  Use: Scroll            |     3 |     3 |     4 ||    10
       Potion            |       |     1 |     4 ||     5
  Eat: Chunk             |    15 |    15 |     9 ||    39
Armor: Robe              |    90 |    28 |    33 ||   151
       Skin              |       |       |     1 ||     1
Dodge: Dodged            |    87 |    35 |    46 ||   168
Block: Shield            |    98 |    48 |    13 ||   159
       Large shield      |       |       |   195 ||   195
